 Dungeon Crawl Stone Soup version 0.23.2-40-g277498a001 (webtiles) character file.

Game seed: 4315053580755077923

5417 MisterOstroum the Reanimator (level 10, 0/79 HPs)
             Began as a Mummy Necromancer on Sept 13, 2019.
             Was an Initiate of Gozag.
             Slain by an unseen horror (9 damage)
             ... on level 9 of the Dungeon.
             The game lasted 00:29:10 (12911 turns).

MisterOstroum the Reanimator (Mummy Necromancer)   Turns: 12911, Time: 00:29:10

Health: 0/79       AC:  8    Str: 12    XL:     10   Next: 40%
Magic:  1/17       EV: 14    Int: 17    God:    Gozag
Gold:   414        SH:  0    Dex: 13    Spells: 11/19 levels left

rFire    . . .     SeeInvis .   r - +7 war axe "Lutz" {drain, rF+}
rCold    + . .     Gourm    .   (no shield)
rNeg     + + +     Faith    .   o - +0 troll leather armour
rPois    ∞         Spirit   .   v - +0 helmet
rElec    .         Reflect  .   n - +0 cloak
rCorr    .         Harm     .   k - +1 pair of gloves
MR       +....                  (no boots)
Stlth    ++........             e - amulet of regeneration
HPRegen  1.03/turn              (no ring)
MPRegen  0.15/turn              (no ring)

@: no status effects
A: no food or potions, fire vulnerability, cold resistance 1, negative energy
resistance 3, torment resistance, unbreathing
a: Potion Petition, Call Merchant, Bribe Branch, Renounce Religion


You were on level 9 of the Dungeon.
You worshipped Gozag.
Gozag was aware of your devotion.
You were not hungry.

You visited 2 branches of the dungeon, and saw 11 of its levels.

You collected 596 gold pieces.
You paid 182 gold pieces to Gozag.

Inventory:

Hand Weapons
 r - the +7 war axe "Lutz" (weapon) {drain, rF+}
   (You found it on level 8 of the Dungeon)

   A truly terrible weapon, it drains the life of those it strikes.
   It protects you from fire.
 x - a +0 spear of flaming
Missiles
 d - 4 poisoned tomahawks
 f - 4 javelins (quivered)
 h - 227 stones
 i - a throwing net {!f}
 s - 10 tomahawks
Armour
 k - a +1 pair of gloves (worn)
 n - a +0 cloak (worn)
 o - a +0 troll leather armour (worn)
 v - a +0 helmet (worn)
 z - a +0 shield
Magical Staves
 t - an uncursed staff of wizardry
Jewellery
 e - an amulet of regeneration (around neck)
 m - an uncursed ring of ice
Wands
 p - a wand of flame (11)
Scrolls
 b - 3 scrolls of enchant armour
 c - 2 scrolls of amnesia
 g - 6 scrolls of identify {@r1}
 j - 9 scrolls of teleportation {@r3 !r}
 l - a scroll of noise
 q - 6 scrolls of remove curse {@r2}
 u - a scroll of immolation
 w - 2 scrolls of enchant weapon {unknown}
Miscellaneous
 B - a sack of spiders


   Skills:
 - Level 7.1 Fighting
 + Level 5.0(5.6) Axes
 - Level 3.9(5.1) Polearms
 - Level 5.0 Dodging
 - Level 1.5 Stealth
 - Level 5.0 Spellcasting
 - Level 9.1 Necromancy
 - Level 3.0 Evocations


You had 11 spell levels left.
You knew the following spells:

 Your Spells              Type           Power        Failure   Level  Hunger
a - Pain                  Necr           ####         1%          1    N/A
b - Vampiric Draining     Necr           #####.....   1%          3    N/A
c - Animate Dead          Necr           N/A          4%          4    N/A

Your spell library contained the following spells:

 Spells                   Type           Power        Failure   Level  Hunger
 Animate Skeleton         Necr           N/A          1%          1    N/A
 Regeneration             Chrm/Necr      Unusable     N/A         3    N/A

Dungeon Overview and Level Annotations

Branches:
Dungeon (10/15)            Temple (1/1) D:4            Lair (0/6) D:8
    Orc: D:9-12

Altars:
Ashenzari
Cheibriados
Dithmenos
Elyvilon
Fedhas
Gozag
Hepliaklqana
Kikubaaqudgha
Makhleb
Nemelex Xobeh
Okawaru
Qazlal
Ru
Sif Muna
Trog
Uskayaw
Vehumet
Wu Jian
Xom
Yredelemnul
Zin
The Shining One

Shops:
D:7 }

Annotations:
D:4 !phantom
D:10 Maurice


Innate Abilities, Weirdness & Mutations

You do not eat or drink.
Your flesh is vulnerable to fire.
You are immune to poison.
Your flesh is cold resistant. (rC+)
You are immune to negative energy. (rN+++)
You are immune to unholy pain and torment.
You can survive without breathing.


Message History

Okay, then.
Casting: Vampiric Draining (safe; 1% risk of failure)
Confirm with . or Enter, or press ? or * to list all spells.
Aiming: Vampiric Draining (safe; 1% risk of failure)
Press: ? - help, Shift-Dir - straight line You feel life coursing into your body.
Something completely misses you.
Casting: Vampiric Draining (safe; 1% risk of failure)
Confirm with . or Enter, or press ? or * to list all spells.
Aiming: Vampiric Draining (safe; 1% risk of failure)
Press: ? - help, Shift-Dir - straight line There's nothing close enough!
Something hits you! Something hits you but does no damage.
Something barely misses you. Something hits you.
Casting: Vampiric Draining (safe; 1% risk of failure)
Confirm with . or Enter, or press ? or * to list all spells.
You don't know that spell.
You barely miss something. Something hits you. Something hits you.
* * * LOW HITPOINT WARNING * * *
Casting: Vampiric Draining (safe; 1% risk of failure)
Confirm with . or Enter, or press ? or * to list all spells.
Aiming: Vampiric Draining (safe; 1% risk of failure)
Press: ? - help, Shift-Dir - straight line There's nothing close enough!
Something hits you.
* * * LOW HITPOINT WARNING * * *
Something hits you but does no damage. Something hits you but does no damage.
Something hits you!
* * * LOW HITPOINT WARNING * * *
Something hits you.
* * * LOW HITPOINT WARNING * * *
You can't drink.
Okay, then.
Casting: Vampiric Draining (safe; 1% risk of failure)
Confirm with . or Enter, or press ? or * to list all spells.
Okay, then.
Casting: Vampiric Draining (safe; 1% risk of failure)
Confirm with . or Enter, or press ? or * to list all spells.
Aiming: Vampiric Draining (safe; 1% risk of failure)
Press: ? - help, Shift-Dir - straight line There's nothing close enough!
Casting: Vampiric Draining (safe; 1% risk of failure)
Confirm with . or Enter, or press ? or * to list all spells.
Aiming: Vampiric Draining (safe; 1% risk of failure)
Press: ? - help, Shift-Dir - straight line There's nothing close enough!
Something hits you but does no damage. Something hits you.
* * * LOW HITPOINT WARNING * * *
Casting: Vampiric Draining (safe; 1% risk of failure)
Confirm with . or Enter, or press ? or * to list all spells.
Aiming: Vampiric Draining (safe; 1% risk of failure)
Press: ? - help, Shift-Dir - straight line There's nothing close enough!
Something hits you but does no damage. Something barely misses you.
Something hits you but does no damage. Something hits you but does no damage.
You see here a ration.
Something hits you but does no damage. Something barely misses you.
Something hits you.
* * * LOW HITPOINT WARNING * * *
Something hits you but does no damage. Something hits you!
* * * LOW HITPOINT WARNING * * *
Something hits you but does no damage. Something hits you.
* * * LOW HITPOINT WARNING * * *
Something hits you but does no damage. Something hits you but does no damage.
There is a stone staircase leading up here.
Something hits you!
* * * LOW HITPOINT WARNING * * *
You climb upwards.
Reactivating autopickup.
There is a stone staircase leading down here.
Something barely misses you.
You start resting.
Something hits you.
* * * LOW HITPOINT WARNING * * *
Deactivating autopickup; reactivate with Ctrl-A.
Something hits you.
* * * LOW HITPOINT WARNING * * *
Something barely misses you. Something barely misses you.
Casting: Vampiric Draining (safe; 1% risk of failure)
Confirm with . or Enter, or press ? or * to list all spells.
Aiming: Vampiric Draining (safe; 1% risk of failure)
Press: ? - help, Shift-Dir - straight line There's nothing close enough!
Something hits you.
* * * LOW HITPOINT WARNING * * *
Something barely misses you.
You slash something! Something hits you.
* * * LOW HITPOINT WARNING * * *
You swing at nothing.
You barely miss something. Something hits you.
* * * LOW HITPOINT WARNING * * *
You swing at nothing.
Something hits you but does no damage.
You slash something! Something hits you!
You die...
Your body crumbles into a pile of gold.

######## #......# ###
#.####.### ##.#####
#.#....#.########.#....#
#.........{@[....###.#.#
#........######...#.##.#
#.......##
##...###.#####
#.#...#>###
##...>.......
#.#####...# #......#####
#.# #.#.# #.###### #
#.#####.#^# ##'## #
#.......#.# ##...## #
#########.# ##.....## ##


There were no monsters in sight!

Vanquished Creatures
  A troll (D:6)
  A hippogriff (D:9)
  2 wyverns
  Menkaure (D:7)
  A soldier ant (D:9)
  2 orc warriors
  An ice beast (D:6)
  A phantom (D:9)
  10 ogres
  2 centaurs
  2 crocodiles
  6 bullfrogs
  A gnoll sergeant (D:6)
  5 scorpions
  Dowan (D:6)
  14 killer bees
  3 howler monkeys
  3 crimson imps
  2 jellies (D:6)
  11 orc wizards
  2 hounds (D:5)
  5 orc priests
  A centaur skeleton (D:8)
  2 iguanas
  Jessica (D:3)
  5 worker ants
  A hound skeleton (D:5)
  3 gnolls (D:6)
  16 adders
  A shadow imp (D:8)
  3 oozes
  3 dart slugs (D:1)
  6 worms
  9 leopard geckos
  33 orcs
  2 ball pythons
  13 bats
  10 giant cockroaches
  16 goblins
  11 hobgoblins
  9 jackals
  4 quokkas
  8 frilled lizards
  7 kobolds
  A leopard gecko skeleton (D:5)
  A quokka skeleton (D:6)
  8 rats
251 creatures vanquished.

Vanquished Creatures (collateral kills)
  Sigmund (D:6)
  Duvessa (D:6)
  3 orcs (D:6)
5 creatures vanquished.

Grand Total: 256 creatures vanquished

Notes
Turn   | Place    | Note
-------+----------+-------------------------------------------
     0 | D:1      | MisterOstroum the Mummy Necromancer began the quest for the
                  | Orb.
     0 | D:1      | Reached XP level 1. HP: 13/13 MP: 4/4
   139 | D:1      | Reached skill level 1 in Fighting
   143 | D:1      | Reached XP level 2. HP: 20/21 MP: 0/6
   617 | D:1      | Reached XP level 3. HP: 28/28 MP: 3/7
   622 | D:1      | Learned a level 3 spell: Vampiric Draining
  1686 | D:2      | Reached XP level 4. HP: 35/35 MP: 6/8
  2001 | D:2      | Found a stormy altar of Qazlal.
  2624 | D:3      | Reached XP level 5. HP: 33/41 MP: 6/11
  3043 | D:3      | Noticed Jessica
  3062 | D:3      | Killed Jessica
  3272 | D:3      | Reached skill level 5 in Necromancy
  3783 | D:4      | Noticed an ogre
  4239 | D:4      | Reached XP level 6. HP: 48/48 MP: 9/12
  4302 | D:4      | Found a staircase to the Ecumenical Temple.
  4315 | D:4      | Learned a level 4 spell: Animate Dead
  4420 | Temple   | Entered the Ecumenical Temple
  4531 | D:4      | Found a bloodstained altar of Trog.
  4553 | D:4      | Reached skill level 5 in Spellcasting
  4887 | D:4      | Reached skill level 5 in Fighting
  5017 | D:4      | Found a deep blue altar of Sif Muna.
  5039 | D:4      | Reached XP level 7. HP: 55/56 MP: 5/14
  5569 | D:4      | Reached skill level 6 in Necromancy
  5664 | D:5      | Entered Level 5 of the Dungeon
  5949 | D:5      | Found a glowing silver altar of Zin.
  6003 | D:5      | Reached skill level 7 in Necromancy
  6377 | D:4      | Reached XP level 8. HP: 62/62 MP: 8/15
  6567 | D:5      | Reached skill level 8 in Necromancy
  7216 | D:6      | You fall through a shaft for 3 floors!
  7624 | D:8      | Found a staircase to the Lair.
  7659 | D:7      | Noticed Menkaure
  7670 | D:7      | Killed Menkaure
  7699 | D:7      | Reached skill level 1 in Evocations
  7894 | D:6      | Reached XP level 9. HP: 69/69 MP: 11/16
  7954 | D:6      | Noticed Sigmund
  7967 | D:6      | Killed Sigmund
  7977 | D:6      | Reached skill level 9 in Necromancy
  8116 | D:6      | Found a sacrificial altar of Ru.
  8597 | D:6      | Reached skill level 5 in Dodging
  8688 | D:6      | Noticed Dowan
  8691 | D:6      | Noticed Duvessa
  8692 | D:6      | Killed Dowan
  8710 | D:6      | Killed Duvessa
  8810 | D:6      | Found a snail-covered altar of Cheibriados.
  8953 | D:6      | Noticed a troll
  8982 | D:6      | HP: 2/71 [troll (11)]
  9428 | D:7      | Found Souph's Gadget Boutique.
  9780 | D:6      | Killed a troll
 10582 | D:8      | Got a bloodstained war axe
 10583 | D:8      | Identified the +7 war axe "Lutz" {drain, rF+} (You found it
                  | on level 8 of the Dungeon)
 11051 | D:9      | Reached skill level 1 in Axes
 11051 | D:9      | Reached XP level 10. HP: 67/79 MP: 10/17
 12263 | D:9      | Found an ornate altar of the Wu Jian Council.
 12263 | D:9      | Found a glowing golden altar of the Shining One.
 12268 | D:9      | Found a burning altar of Makhleb.
 12270 | D:9      | Found a faded altar of an unknown god.
 12271 | D:9      | Found an opulent altar of Gozag.
 12337 | D:9      | Became a worshipper of Gozag Ym Sagoz the Greedy
 12422 | D:9      | Found an iron altar of Okawaru.
 12573 | D:10     | Entered Level 10 of the Dungeon
 12574 | D:10     | Noticed Maurice
 12745 | D:10     | Reached skill level 5 in Axes
 12902 | D:9      | HP: 2/79 [something (6)]
 12911 | D:9      | Slain by an unseen horror

Skill      XL: |  1  2  3  4  5  6  7  8  9 10 |
---------------+-------------------------------+-----
Fighting       | 1 2 3 5 6 7 |  7.1
Spellcasting   | 3 4 5 |  5.0
Necromancy     | 5 7 8 9 |  9.1
Dodging        | 4 5 |  5.0
Evocations     | 1 3 |  3.0
Polearms       | 3 |  3.9
Axes           | 1 5 |  5.0
Stealth        | |  1.5

Action                   |  1- 3 |  4- 6 |  7- 9 | 10-12 || total
-------------------------+-------+-------+-------+-------++-------
Melee: Short sword       |    17 |    27 |       |       ||    44
       Mace              |       |    15 |   153 |       ||   168
       Staff             |       |    16 |    38 |       ||    54
       Flail             |       |       |    29 |       ||    29
       Spear             |       |       |    58 |       ||    58
       War axe           |       |       |    17 |    72 ||    89
Throw: Javelin           |       |     1 |     4 |       ||     5
 Cast: Pain              |    81 |   165 |   266 |    60 ||   572
       Vampiric Draining |       |     9 |    37 |    27 ||    73
       Animate Dead      |       |     1 |     6 |       ||     7
Evoke: Wand              |       |       |     5 |       ||     5
  Use: Scroll            |       |       |     8 |       ||     8
 Stab: Sleeping          |     2 |     1 |     2 |     1 ||     6
       Distracted        |       |       |     1 |     1 ||     2
Armor: Robe              |     9 |    28 |    95 |       ||   132
       Troll leather arm |       |       |    15 |    64 ||    79
Dodge: Dodged            |    29 |    73 |   322 |   147 ||   571
